 Dungeon Crawl Stone Soup version 0.14-a0-1527-g89529d6 (webtiles) character file.

365 4tharraofdagon the Ducker (level 6, -1/43 HPs)
             Began as a Halfling Wanderer on Dec 17, 2013.
             Slain by an orc
             ... wielding a -1,+0 orcish war axe
              (9 damage)
             ... on Level 6 of the Dungeon.
             The game lasted 00:08:50 (1883 turns).

4tharraofdagon the Ducker (Halfling Wanderer)       Turns: 1883, Time: 00:08:50

HP  -1/43        AC  8     Str 10      XL: 6   Next: 83%
MP   2/2         EV  6     Int 13      God:
Gold 32          SH  0     Dex 16      Spells:  0 memorised,  5 levels left

rFire  . . .     SeeInvis .     n - +3,+5 dwarf falchion (antimagic)
rCold  . . .     Clarity  .     y - +0 elf chain mail (curse)
rNeg   . . .     Conserve .     (no shield)
rPois  .         rCorr    .     (no helmet)
rElec  .         rRot     .     (no cloak)
SustAb . .       Spirit   .     (no gloves)
rMut   .         Warding  .     (no boots)
Saprov . . .     Stasis   .     (no amulet)
                                (no ring)
                                (no ring)

@: slightly resistant to hostile enchantments, extremely unstealthy
A: mutation resistance 1, slow metabolism 1
a: no special abilities


You were on level 6 of the Dungeon.
You were very hungry.

You visited 1 branch of the dungeon, and saw 6 of its levels.

You collected 60 gold pieces.
You spent 28 gold pieces at shops.

Inventory:

Hand weapons
 b - a +0,+0 short sword
 c - a +0,+0 falchion
 n - a +3,+5 dwarven anti-magic falchion (weapon)
Armour
 a - a +0 scale mail
 y - a cursed +0 elven chain mail (worn)
Comestibles
 d - 3 bread rations
 f - a choko
 p - a meat ration
 q - a snozzcumber
 v - a banana
Scrolls
 e - 2 scrolls of amnesia {unknown}
 k - a scroll of blinking {unknown}
 m - a scroll of fog {unknown}
 o - 4 scrolls of identify {unknown}
 r - a scroll of curse armour
 x - 4 scrolls of remove curse
 A - a scroll of enchant armour {unknown}
 B - a scroll of enchant weapon I {unknown}
Jewellery
 g - an uncursed amulet of inaccuracy
 u - an uncursed ring of hunger
Potions
 h - a potion of cure mutation {unknown}
 j - a potion of confusion {unknown}
 l - a potion of brilliance {unknown}
 s - a potion of agility {unknown}
 t - a potion of invisibility {unknown}
 w - a potion of speed {unknown}
 z - 2 potions of degeneration {unknown}


   Skills:
 + Level 3.8 Fighting
 * Level 3.9 Long Blades
   Level 1.2 Bows
 - Level 1.3 Throwing
 + Level 2.4 Armour
 + Level 4.1 Dodging
 - Level 1.3 Stealth


You had 5 spell levels left.
You didn't know any spells.

Dungeon Overview and Level Annotations

Branches:
Dungeon (6/16)
 Temple: D:4-7

Altars:

Shops:
D:4 =

Annotations:
D:2 Terence
D:5 Pikel, Prince Ribbit


Innate Abilities, Weirdness & Mutations

You are small and have problems with some larger weapons.
You are somewhat resistant to further mutation.
You have a slow metabolism.


Message History

The giant spore explodes!
You hear an explosion!
The explosion of spores engulfs you!
You are confused.
Ouch! That really hurt!
* * * LOW HITPOINT WARNING * * *
A fungus suddenly grows.
You hear a shout!
Ouch! Ouch! You slash the active ballistomycete!
The active ballistomycete is moderately damaged.
The orc barely misses you.
Ouch! You feel less confused. The orc hits you but does no damage.
You slash the active ballistomycete!
The active ballistomycete is almost destroyed.
The orc hits you with an orcish war axe!
You die...

..# ..# ..# #.# #.#
########.# #......#.#
##### #......#f#
###...###......#@#
...............o.#
##....#...##...######.
?......................
###...#...##.!.#######
..#...#...#########
..'....#### #...#
..##.>.## #...#
###.....# #...#


You could see an active ballistomycete and an orc.

Vanquished Creatures
  A sky beast (D:4)
  A crimson imp (D:4)
  An orc priest (D:4)
  A water moccasin skeleton (D:4)
  4 worker ants (D:4)
  2 adders (D:4)
  A giant eyeball (D:5)
  A giant gecko (D:4)
  3 orcs (D:4)
  A bat skeleton (D:4)
  4 giant cockroaches
  4 hobgoblins
  2 kobolds
  A quokka (D:4)
  6 bats
  5 goblins
  4 rats
42 creatures vanquished.

Vanquished Creatures (others)
  A giant gecko (D:6)
  A giant spore (D:6)
2 creatures vanquished.

Grand Total: 44 creatures vanquished

Notes
Turn   | Place    | Note
--------------------------------------------------------------
     0 | D:1      | 4tharraofdagon, the Halfling Wanderer, began the quest for the Orb.
     0 | D:1      | Reached XP level 1. HP: 15/15 MP: 1/1
   227 | D:1      | Reached XP level 2. HP: 18/20 MP: 2/2
   588 | D:2      | Noticed Terence
   896 | D:3      | Reached XP level 3. HP: 23/25 MP: 1/3
  1048 | D:4      | Reached skill level 3 in Fighting
  1056 | D:4      | Reached XP level 4. HP: 21/31 MP: 1/4
  1169 | D:4      | Reached XP level 5. HP: 18/36 MP: 1/5
  1259 | D:4      | Found Taifraiv's Jewellery Shop.
  1268 | D:4      | Bought an uncursed amulet of inaccuracy for 28 gold pieces
  1389 | D:5      | Entered Level 5 of the Dungeon
  1389 | D:5      | Noticed a slave
  1389 | D:5      | Noticed a slave
  1391 | D:5      | Noticed Pikel
  1553 | D:4      | Reached XP level 6. HP: 24/42 MP: 2/6
  1646 | D:5      | Noticed a sky beast
  1674 | D:4      | Killed a sky beast
  1674 | D:4      | Reached skill level 4 in Dodging
  1690 | D:5      | Paralysed by a giant eyeball for 4 turns
  1705 | D:5      | Noticed Prince Ribbit
  1883 | D:6      | Slain by an orc

Action                   |  1- 3 |  4- 6 || total
-------------------------+-------+-------++-------
Melee: Falchion          |    76 |    85 ||   161
  Use: Potion            |     1 |     3 ||     4
       Scroll            |       |     4 ||     4
